 Dungeon Crawl Stone Soup version 0.29-a0-321-gf1c400731a (webtiles) character file.

Game seed: 2626349424873945464

1003 serber55 the Changer (level 8, -1/54 HPs)
             Began as an Octopode Transmuter on Apr 5, 2022.
             Slain by a troll (13 damage)
             ... on level 5 of the Dungeon.
             The game lasted 00:20:46 (4561 turns).

serber55 the Changer (Octopode Transmuter)          Turns: 4561, Time: 00:20:47

Health: -1/54      AC:  2    Str:  7    XL:     8   Next: 20%
Magic:  9/14       EV: 19    Int: 22    God:
Gold:   311        SH:  0    Dex: 19    Spells: 8/15 levels left

rFire   . . .      SeeInvis .     - Unarmed
rCold   . . .      Faith    .   (shield currently unavailable)
rNeg    . . .      Spirit   .   (helmet currently unavailable)
rPois   .          Reflect  .   h - amulet of regeneration
rElec   .          Harm     .   b - ring of poison resistance
rCorr   +          Rampage  .   j - ring of wizardry
Will    +....                   q - ring of resist corrosion
Stlth   ++........              i - ring of willpower
HPRegen 0.98/turn               s - +6 ring of intelligence
MPRegen 0.14/turn               (no ring)
                                (no ring)
                                (no ring)

@: spider-form, wereblooded, unable to read
A: venomous fangs, almost no armour, (amphibious), 8 rings, tiny, (camouflage
1), (gelatinous body 1), (nimble swimmer 1), (tentacles), weak 1, inability to
read while threatened
a: End Transformation


You were on level 5 of the Dungeon.
You were a venomous arachnid creature.
You visited 1 branch of the dungeon, and saw 5 of its levels.

You collected 311 gold pieces.

Inventory:

Hand Weapons
 c - a +1 short sword of flaming
 t - a +2 dagger of venom (melded)
Missiles
 m - a throwing net
 n - 155 stones
 u - 4 poisoned darts (quivered)
Jewellery
 b - a ring of poison resistance (left front leg)
 h - an amulet of regeneration (around neck)
 i - a ring of willpower (on tentacle)
 j - a ring of wizardry (right front leg)
 q - a ring of resist corrosion (on tentacle)
 s - a +6 ring of intelligence (on tentacle)
Wands
 w - a wand of iceblast (4)
Scrolls
 e - a scroll of fear
 f - 3 scrolls of immolation
 v - a scroll of fog
 y - a scroll of enchant armour
Potions
 a - 3 potions of lignification
 d - 4 potions of haste
 g - a potion of cancellation
 k - 2 potions of berserk rage
 l - a potion of brilliance {unknown}
 o - 2 potions of invisibility
 p - a potion of magic
 r - a potion of attraction
 x - a potion of might {unknown}


   Skills:
 + Level 3.9 Fighting
 - Level 2.0 Dodging
 * Level 4.4 Unarmed Combat
 + Level 4.1 Spellcasting
 + Level 6.1 Transmutations
 - Level 3.0 Poison Magic


You had 8 spell levels left.
You knew the following spells:

 Your Spells              Type           Power      Damage    Failure   Level
a - Beastly Appendage     Tmut           62%        N/A       1%          1
b - Wereblood             Tmut           31%        N/A       2%          2
c - Spider Form           Tmut/Pois      24%        N/A       6%          3
d - Magic Dart            Conj           16%        1d3       11%         1

Your spell library contained the following spells:

 Spells                   Type           Power      Damage    Failure   Level
 Call Imp                 Summ           4%         N/A       16%         2
 Mephitic Cloud           Conj/Pois/Air  8%         N/A       19%         3
 Ice Form                 Ice/Tmut       18%        N/A       24%         4


Dungeon Overview and Level Annotations

Branches:
Dungeon (5/15)
 Temple: D:4-7

Altars:
Zin


Innate Abilities, Weirdness & Mutations

You are a venomous arachnid creature.
You have poisonous fangs.
You are tiny and dextrous.
Your spellcasting is less reliable in this form.
Your armour is entirely melded.
You are incapable of wielding weapons or throwing items.
You cannot wear most types of armour.
((You are amphibious.))
You can wear up to eight rings at the same time.
((Your skin changes colour to match your surroundings (Stealth+).))
((Your rubbery body absorbs attacks. (AC +1, EV +1)))
((You are camouflaged when in or above water. (Stealth+)))
((You have tentacles for arms and can constrict up to eight enemies at once.))
You are weak. (Str -2)
You sometimes lose the ability to read scrolls when taking damage.


Message History

There is an open door, spattered with blood here.
You see here a hound corpse.
Things that are here:
a +0 leather armour; a +0 short sword; an adder skeleton Your transformation has ended.
Your +2 dagger of venom unmelds from your body.
Your +2 dagger of venom begins to drip with poison!
You see here a +0 hand axe.
A white imp is nearby!
The white imp shouts, "Slither home, thou beslubbering motley-minded snaffler!"
You hit the white imp but do no damage.
The white imp is poisoned.
Your grab misses the white imp. The white imp closely misses you.
You closely miss the white imp. You grab the white imp.
You squeeze the white imp!
The white imp is almost dead.
You constrict the white imp, but do no damage.
The white imp misses you.
You hit the white imp.
You kill the white imp!
f - 3 scrolls of immolation (gained 1)
There is a stone staircase leading down here.
Found a glowing silver altar of Zin.
There is a stone staircase leading down here.
A troll is nearby!
Casting: Wereblood (safe; 1% risk of failure)
Confirm with . or Enter, or press ? or * to list all spells.
Your blood is infused with primal strength.
The troll shouts!
Casting: Wereblood (safe; 1% risk of failure)
Confirm with . or Enter, or press ? or * to list all spells.
You turn into a venomous arachnid creature.
Your +2 dagger of venom melds into your body.
Your +2 dagger of venom stops dripping with poison.
The troll bites you!! The troll barely misses you. The troll claws you!
You feel threatened and lose the ability to read scrolls!
You hit the troll but do no damage. The troll closely misses you.
The troll claws you! x2
* * * LOW HITPOINT WARNING * * *
The troll attacks as you move away! The troll bites you!
You die...

...# ##....#..######.# ## ...#
#..#.#.).....#.# # ...#
#..#.#.....#.#.# # ...#
#..#.#..##.#.#.# # ...#
#..#.........#.######## ...#
#######.###....<#.#.#....... ...#
#...# #...#..######.#.####..
...###...####..#......)....#..##.
.....+.........#s.#######..#...##
######...#.....T..# #..##...#
.........#........# #...##.'#
######...#........# #....###. ..#
#...#........# #......[. ..#
##.########..# ##...###. ..#
#.########.># #..##.'# ..#
#..........## #.##...# ..#
#..........# #.#...##


You could see a troll.

Vanquished Creatures
  A steam dragon (D:5)
  A water moccasin (D:3)
  A black bear (D:3)
  An ogre (D:5)
  2 scorpions (D:5)
  A killer bee (D:5)
  3 hounds (D:5)
  An orc priest (D:5)
  An orc wizard (D:5)
  2 iguanas (D:5)
  3 gnolls (D:2)
  8 adders
  2 river rats (D:3)
  A shadow imp (D:5)
  2 white imps
  2 ufetubi
  4 dart slugs
  8 orcs
  6 ball pythons
  8 endoplasms
  4 giant cockroaches
  3 goblins
  10 hobgoblins
  4 jackals
  2 quokkas
  2 bats (D:2)
  A frilled lizard (D:3)
  6 kobolds
  2 rats
92 creatures vanquished.

Vanquished Creatures (others)
  4 demonic plants (D:2)
4 creatures vanquished.

Grand Total: 96 creatures vanquished

Notes
Turn   | Place    | Note
-------+----------+-------------------------------------------
     0 | D:1      | serber55 the Octopode Transmuter began the quest for the
                  | Orb.
     0 | D:1      | Reached XP level 1. HP: 13/13 MP: 3/3
   348 | D:1      | Reached XP level 2. HP: 16/18 MP: 5/5
  1226 | D:1      | Learned a level 2 spell: Wereblood
  1528 | D:2      | Reached XP level 3. HP: 21/23 MP: 3/6
  1534 | D:2      | Learned a level 3 spell: Spider Form
  1660 | D:2      | You fall into a shaft and drop 1 floor!
  1722 | D:3      | Reached skill level 3 in Transmutations
  1760 | D:3      | Reached skill level 1 in Poison Magic
  1846 | D:2      | Reached XP level 4. HP: 29/29 MP: 3/7
  2069 | D:2      | Learned a level 1 spell: Magic Dart
  2147 | D:2      | Reached XP level 5. HP: 29/34 MP: 6/9
  2253 | D:2      | Found a faded altar of an unknown god.
  3031 | D:3      | Noticed a black bear
  3047 | D:3      | Killed a black bear
  3048 | D:3      | Reached skill level 4 in Transmutations
  3048 | D:3      | Reached XP level 6. HP: 41/41 MP: 4/10
  3105 | D:3      | Noticed a water moccasin
  3112 | D:3      | Killed a water moccasin
  3505 | D:5      | Entered Level 5 of the Dungeon
  3705 | D:5      | Reached XP level 7. HP: 45/46 MP: 7/11
  3796 | D:5      | Reached skill level 5 in Transmutations
  3803 | D:5      | Noticed a steam dragon
  3812 | D:5      | Killed a steam dragon
  3814 | D:5      | HP: 2/46 [something (8)]
  3815 | D:5      | Gained mutation: You have hidden genetic defects. [potion
                  | of mutation]
  4070 | D:5      | Gained mutation: You sometimes lose the ability to read
                  | scrolls when taking damage. [hidden defects]
  4161 | D:5      | Reached XP level 8. HP: 50/54 MP: 8/14
  4168 | D:5      | Reached skill level 6 in Transmutations
  4186 | D:5      | Noticed a troll
  4307 | D:5      | Gained mutation: You are weak. (Str -2) [hidden defects]
  4307 | D:5      | Lost mutation: You have hidden genetic defects. [hidden
                  | defects expressed]
  4479 | D:5      | Found a glowing silver altar of Zin.
  4561 | D:5      | Slain by a troll

Illustrated notes

Levels and vault maps discovered:
D:1:      co_arrival_random_square_maze, layout_basic, dreamdust_princess_bridge
D:2:      layout_basic, hellmonk_ecumenical_altar_inner_sanctum,
          dreamdust_princess_corridor
D:3:      layout_loops_ring, portal_sewer_entry_c
D:4:      layout_gridville, item_on_display_a
D:5:      cheibrodos_barr_body, layout_basic, nicolae_overflow_crystal_walls

Skill      XL: |  1  2  3  4  5  6  7  8 |
---------------+-------------------------+-----
Transmutations | 3 4 5 6 |  6.1
Poison Magic   | 1 2 3 |  3.0
Fighting       | 2 3 |  3.9
Spellcasting   | 3 4 |  4.1
Unarmed Combat | 4 |  4.4
Dodging        | |  2.0

Action                   |  1- 3 |  4- 6 |  7- 9 || total
-------------------------+-------+-------+-------++-------
Melee: Unarmed           |    15 |    21 |    73 ||   109
       Constrict         |    18 |    19 |     6 ||    43
       Kick              |    13 |    22 |     4 ||    39
       Tentacles         |    13 |    13 |     5 ||    31
       Short sword       |    49 |    63 |       ||   112
       Punch             |     2 |     2 |     2 ||     6
       Dagger            |       |     5 |    16 ||    21
Throw: Stone             |       |     1 |       ||     1
 Cast: Beastly Appendage |    17 |    17 |     2 ||    36
       Wereblood         |     7 |     5 |     6 ||    18
       Spider Form       |       |     3 |     6 ||     9
 Abil: End Transformatio |       |     1 |     1 ||     2
  Use: Scroll            |       |    14 |     2 ||    16
       Potion            |       |     1 |     2 ||     3
 Stab: Sleeping          |     6 |     3 |       ||     9
Armor: Skin              |     4 |     3 |     3 ||    10
Dodge: Dodged            |    33 |    68 |    68 ||   169

Table legend: (Time is in decaauts)
 A = Elapsed time spent in this place.
 B = Non-inter-level travel time spent in this place.
 C = Inter-level travel time spent in this place.
 D = Time resting spent in this place.
 E = Time spent auto-exploring this place.
 F = Levels seen in this place.
 G = Mean time per level.
                   A        B        C        D        E       F      G
               +--------+--------+--------+--------+--------+-----+--------+
         Total |   4570 |   4520 |     50 |    475 |   3106 |   5 |  914.0 |
       Dungeon |   4570 |   4520 |     50 |    475 |   3106 |   5 |  914.0 |
               +--------+--------+--------+--------+--------+-----+--------+

Top non-repeatable levels by time:
     D:1: 1434 daAuts
     D:2: 1119 daAuts
     D:5: 1023 daAuts
     D:3: 876 daAuts
     D:4: 118 daAuts
